 Dungeon Crawl Stone Soup version 0.31-a0-662-g684573625c (webtiles) character file.

Game seed: 6364618189820443467

373 Dirtsage the Changeling (level 6, 0/38 HPs)
             Began as an Octopode Shapeshifter on Aug 31, 2023.
             Constricted to death by a ball python (1 damage)
             ... in a sewer.
             The game lasted 00:06:03 (2086 turns).

Dirtsage the Changeling (Octopode Shapeshifter)     Turns: 2086, Time: 00:06:04

Health: 0/38       AC:  1    Str: 15    XL:     6   Next: 71%
Magic:  6/6        EV: 10    Int: 13    God:
Gold:   143        SH:  0    Dex: 11    Spells: 5/5 levels left

rFire   . .          .
                       - Unarmed
rCold   . . .        (no shield)
rNeg    . . .        (helmet currently unavailable)
rPois   .            (no amulet)
rElec   .            (no ring)
rCorr   .            (no ring)
SInv    .            (no ring)
Will    .....        (no ring)
Stlth   +++          (no ring)
HPRegen 0.26/turn    (no ring)
MPRegen 0.10/turn    (no ring)
                     (no ring)

%: no passive effects
@: beast-form, constricted
A: beast (slay +3), almost no armour, amphibious, 8 rings, camouflage 1,
gelatinous body 1, nimble swimmer 1, tentacles
a: Begin Untransformation


You were in a sewer.
You were a hulking beast.
You visited 1 branch of the dungeon, and saw 3 of its levels.
You also visited: Sewer.

You collected 143 gold pieces.

Inventory:

Talismans
 b - a beast talisman (active)
 c - a flux talisman
Wands
 k - a wand of light (10)
Scrolls
 a - a scroll of amnesia {unknown}
 g - a scroll of enchant armour
 i - a scroll of identify
Potions
 d - 4 potions of brilliance
 f - a potion of curing {unknown}
 h - 3 potions of mutation
 j - a potion of might {unknown}
 m - a potion of ambrosia


   Skills:
 - Level 1.0 Fighting
 - Level 2.0 Dodging
 + Level 4.9 Unarmed Combat
 * Level 5.8 Shapeshifting


You had 5 spell levels left.
You didn't know any spells.
Your spell library contained the following spells:

 Spells                   Type           Power      Damage    Failure   Level
 Shock                    Conj/Air       0%         1d3       30%         1
 Swiftness                Air            0%         N/A       67%         3
 Airstrike                Air            0%         2d(0-16)  97%         4


Dungeon Overview and Level Annotations

Branches:
Dungeon (3/15)              Sewer (1/1)

Altars:
Fedhas


Innate Abilities, Weirdness & Mutations

You are a hulking beast.
Your limbs bulge with bestial killing power. (Slay +3)
You cannot wear most types of armour.
You are amphibious.
You can wear up to eight rings at the same time.
Your skin changes colour to match your surroundings (Stealth+).
Your rubbery body absorbs attacks. (AC +1, EV +1)
You are camouflaged when in or above water. (Stealth+)
You have tentacles for arms and can constrict up to eight enemies at once.


Message History

As you read the scroll of blinking, it crumbles to dust.
Aiming: Bolt of Light
Press: ? - help, Shift-Dir - straight line
Okay, then.
You feel much better.
You regained 24 hp, and now have 30/38 hp.
Aiming: Bolt of Light
Press: ? - help, Shift-Dir - straight line, f - bullfrog
Aim: a bullfrog (water, heavily wounded, 64% to hit)
The bolt of light hits the bullfrog!
The bullfrog is almost dead.
The bullfrog is blinded.
The bolt of light misses the ball python.
You tentacle-slap the bullfrog. Your grab misses the bullfrog.
The bullfrog is heavily wounded.
The bullfrog hits you.
You take 3 damage, and have 28/38 hp.
You bludgeon the bullfrog! Your grab misses the bullfrog.
The bullfrog is almost dead.
The bullfrog hits you! The ball python bites you. The ball python grabs you.
The ball python constricts you. The ball python bites you.
The bullfrog snags a nearby small bird with its tongue.
The bullfrog hits you!
* * * LOW HITPOINT WARNING * * *
The ball python bites you.
* * * LOW HITPOINT WARNING * * *
The bullfrog hits you.
* * * LOW HITPOINT WARNING * * *
You take 22 damage, and have 6/38 hp.
MASSIVE DAMAGE!!
You tentacle-slap the bullfrog. Your grab misses the bullfrog.
The bullfrog is almost dead.
The ball python barely misses you. x2; The ball python constricts you.
* * * LOW HITPOINT WARNING * * *
The ball python bites you but does no damage.
The bullfrog misses you. The bullfrog hits you.
* * * LOW HITPOINT WARNING * * *
The ball python closely misses you. The ball python bites you.
* * * LOW HITPOINT WARNING * * *
The ball python constricts you.
You die...

#~≈S≈≈≈# #≈~≈~~≈#
#≈~≈≈≈≈# #≈≈≈~≈~#
#≈.≈≈≈≈# #≈≈~~~~#
#~.≈≈≈≈# #≈~†.~##
#~~≈~≈≈# #≈~....#
#~#~≈≈≈# ##...~##
#≈≈~≈SS# #~~≈~≈≈#
#≈~lSFS# #~~~≈≈≈#
#≈~≈ShF# #~~~~†≈#
#≈≈~~≈≈# #≈≈≈~~≈#
#≈≈~~≈~##### #~≈≈~~≈#
##~.~..##..# #.~....#
#......##..###......#
##.....†##'##......##
#.........#.......#
##......†††......##
####....†....####


You could see 2 bullfrogs, 5 ball pythons and a frilled lizard.

Vanquished Creatures
  Sigmund (D:3)
  7 adders
  7 river rats
  A worm (D:3)
  2 dart slugs (D:2)
  12 ball pythons
  2 endoplasms
  A giant cockroach (D:3)
  4 goblins
  3 hobgoblins
  2 jackals (D:1)
  3 quokkas (D:1)
  5 bats
  3 frilled lizards (D:1)
  4 kobolds
  33 rats
90 creatures vanquished.

Notes
Turn   | Place    | Note
-------+----------+-------------------------------------------
     0 | D:1      | Dirtsage the Octopode Shapeshifter began the quest for the
                  | Orb.
     0 | D:1      | Reached XP level 1. HP: 13/13 MP: 1/1
   118 | D:1      | Found a faded altar of an unknown god.
   197 | D:1      | Reached XP level 2. HP: 18/18 MP: 2/2
   816 | D:2      | Reached XP level 3. HP: 19/23 MP: 3/3
  1125 | D:2      | Found a blossoming altar of Fedhas.
  1428 | D:3      | Noticed Sigmund
  1440 | D:3      | Killed Sigmund
  1441 | D:3      | Reached skill level 5 in Shapeshifting
  1441 | D:3      | Reached XP level 4. HP: 28/28 MP: 4/4
  1441 | D:3      | Reached XP level 5. HP: 33/33 MP: 5/5
  1448 | D:3      | Reached XP level 6. HP: 38/38 MP: 6/6
  1622 | D:3      | Found a glowing drain.
  1660 | Sewer    | Entered a sewer
  2086 | Sewer    | HP: 1/38 [ball python (2)]
  2086 | Sewer    | Constricted to death by a ball python

Illustrated notes

Levels and vault maps discovered:
D:1:      scummos_arrival_simple_crosswalls, layout_basic,
          basic_ecumenical_altar, grunt_decor_one_mirror
D:2:      layout_basic, basic_altar
D:3:      layout_loops_cross, portal_sewer_entry_a, uniq_sigmund
Sewer:    sewer_minmay_w

Skill      XL: |  1  2  3 |
---------------+----------+-----
Unarmed Combat | 4 |  4.9
Shapeshifting  | 5 |  5.8
Fighting       | |  1.0
Dodging        | |  2.0

Action                     |  1- 3 |  4- 6 || total
---------------------------+-------+-------++-------
  Melee: Unarmed           |    61 |   102 ||   163
         Constrict         |    14 |    23 ||    37
         Tentacles         |     7 |    21 ||    28
         Punch             |     1 |       ||     1
  Evoke: Wand              |       |     1 ||     1
    Use: Potion            |     1 |     1 ||     2
         Scroll            |       |     8 ||     8
   Stab: Sleeping          |     4 |     2 ||     6
 Armour: Skin              |    36 |    43 ||    79
  Dodge: Dodged            |    23 |    71 ||    94

Table legend: (Time is in decaauts)
 A = Elapsed time spent in this place.
 B = Non-inter-level travel time spent in this place.
 C = Inter-level travel time spent in this place.
 D = Time resting spent in this place.
 E = Time spent auto-exploring this place.
 F = Levels seen in this place.
 G = Mean time per level.
                   A        B        C        D        E       F      G
               +--------+--------+--------+--------+--------+-----+--------+
         Total |   2071 |   2034 |     37 |     29 |   1503 |   4 |  517.8 |
       Dungeon |   1654 |   1617 |     37 |     29 |   1307 |   3 |  551.3 |
         Sewer |    417 |    417 |      0 |      0 |    196 |   1 |  417.0 |
               +--------+--------+--------+--------+--------+-----+--------+

Top non-repeatable levels by time:
     D:1: 802 daAuts
     D:2: 595 daAuts
   Sewer: 417 daAuts
     D:3: 256 daAuts
